 Dungeon Crawl Stone Soup version 0.29.0-4-gdea44cf6ec (webtiles) character file.

Game seed: 5108016394508187006

22 qw the Chopper (level 2, 0/17 HPs)
             Began as a Tengu Warper on Aug 28, 2022.
             Succumbed to their own poison gas
             ... on level 1 of the Dungeon.
             The game lasted 00:00:06 (1672 turns).

qw the Chopper (Tengu Warper)                       Turns: 1672, Time: 00:00:07

Health: 0/17       AC:  6    Str: 11    XL:     2   Next: 91%
Magic:  6/6        EV: 10    Int: 13    God:
Gold:   47         SH:  0    Dex: 13    Spells: 5/5 levels left

rFire   . . .      SeeInvis .   Y - +0 hand axe
rCold   . . .      Faith    .   (no shield)
rNeg    . . .      Spirit   .   f - +0 ring mail
rPois   .          Reflect  .   (helmet restricted)
rElec   .          Harm     .   j - +0 cloak
rCorr   .          Rampage  .   (no gloves)
Will    .....                   (boots unavailable)
Stlth   +.........              (no amulet)
HPRegen 0.05/turn               (no ring)
MPRegen 0.10/turn               (no ring)

@: lethally poisoned (0 -> -8)
A: beak, talons 3
a: no special abilities


You were on level 1 of the Dungeon.
You visited 1 branch of the dungeon, and saw 1 of its levels.

You collected 47 gold pieces.


Innate Abilities, Weirdness & Mutations

You have a beak for a mouth.
You have claws for feet.


   Skills:
 - Level 2.0 Fighting
 + Level 3.6 Axes
 - Level 1.0 Throwing
 - Level 1.1 Armour
 - Level 2.1 Dodging
 - Level 2.0 Spellcasting
 - Level 2.4 Translocations


You had 5 spell levels left.
You didn't know any spells.
Your spell library contained the following spells:

 Spells                   Type           Power      Damage    Failure   Level
 Blink                    Tloc           14%        N/A       34%         2
 Gell's Gravitas          Tloc           7%         N/A       56%         3
 Lesser Beckoning         Tloc           7%         N/A       56%         3
 Teleport Other           Tloc           7%         N/A       56%         3
 Manifold Assault         Tloc           7%         N/A       99%         5

Inventory:

Hand Weapons
 d - a +0 mace
 Y - a +0 hand axe (weapon)
Armour
 f - a +0 ring mail (worn)
 j - a +0 cloak (worn)
Potions
 e - a potion of flight {unknown}
 i - a potion of mutation {unknown}
 l - a potion of ambrosia {unknown}
 m - a potion of curing {unknown}

Dungeon Overview and Level Annotations

Branches:
Dungeon (1/15)

Altars:


Message History

You start putting on your armour.
You continue putting on your +0 cloak. x4
You finish putting on your +0 cloak.
Done exploring.
1664 ||| READING scroll labelled SYASIT MUTEXA.
The air fills with toxic fumes!
As you read the scroll labelled SYASIT MUTEXA, it crumbles to dust.
It was a scroll of poison.
Done exploring.
1665 ||| READING scroll labelled ZEEMADD BOHOCLOF.
As you read the scroll labelled ZEEMADD BOHOCLOF, it crumbles to dust.
It is a scroll of identify.
Really abort (and waste the scroll)?
Done exploring.
1666 ||| READING scroll labelled HICUARUARU.
As you read the scroll labelled HICUARUARU, it crumbles to dust.
You hear a loud clanging noise!
It was a scroll of noise.
Done exploring.
1667 ||| DROPPING scroll of blinking.
You drop a scroll of blinking.
Done exploring.
(D) Dungeon
Where to? (* - list waypoints, ? - help)
What level of the Dungeon? (default 1, ? - help) Sorry, I don't know how to get there.
Done exploring.
1668 ||| Stepping randomly (stuck).
Really walk into that cloud of poison gas?
You are engulfed in poison gas.
You are lethally poisoned!
You feel very sick.
1669 ||| Stepping ~*~*~tactically~*~*~ (cloud).
You feel very sick.
Things that are here:
a scroll of blinking; a +0 leather armour
There is a lethal amount of poison in your body!
You feel very sick.
There is a lethal amount of poison in your body!
You feel sick.
There is a lethal amount of poison in your body!
You die...

.........# #.###.###.###...#.
########## #.....# #.# ##..#. #
#####.###.# #..#. ##...## #....
##### #.### #####.###
########.......#
####0¤¤¤0¤#.###.#.# #0@¤¤00¤0¤..#
#.#.# #0#0¤####¤..###.#.# ###
###.#¤0¤¤............ ##.##
#<#####¤¤##...###.#.#
#####.#.#####.###..¤###...##....#
.......#.##.+.'.#...¤.........).#
#####...###.###.###..0..####...##
##.##.'#'.+#'.####### ##.##
####.###.###.### #.#


There were no monsters in sight!

Vanquished Creatures
  3 bats (D:1)
  3 endoplasms (D:1)
  2 goblins (D:1)
  2 jackals (D:1)
  2 quokkas (D:1)
  3 ball pythons (D:1)
  A kobold (D:1)
  3 rats (D:1)
19 creatures vanquished.

Notes
Turn   | Place    | Note
-------+----------+-------------------------------------------
     0 | D:1      | qw the Tengu Warper began the quest for the Orb.
     0 | D:1      | Reached XP level 1. HP: 12/12 MP: 4/4
     0 | D:1      | 0 ||| qw: Version: 0.1-a-89-g26bdef1
     0 | D:1      | 0 ||| qw: Game counter: 483
     0 | D:1      | 0 ||| qw: Always use a shield: true
     0 | D:1      | 0 ||| qw: God list: Okawaru
     0 | D:1      | 0 ||| qw: Allow faded altars: false
     0 | D:1      | 0 ||| qw: Do Orc after D:15 true
     0 | D:1      | 0 ||| qw: Do second Lair branch before Depths: true
     0 | D:1      | 0 ||| qw: Lair rune preference: random
     0 | D:1      | 0 ||| qw: Plans: Normal
     0 | D:1      | 0 ||| PLANNING D:1-11
   112 | D:1      | Noticed a great orb of eyes
   113 | D:1      | Found a faded altar of an unknown god.
   117 | D:1      | Noticed a golden eye
   122 | D:1      | Noticed an eye of devastation
   126 | D:1      | Noticed a golden eye
   221 | D:1      | 221 ||| DROPPING +0 club.
   304 | D:1      | Reached XP level 2. HP: 11/17 MP: 6/6
   425 | D:1      | Reached skill level 3 in Axes
  1648 | D:1      | 1648 ||| UPGRADING to +0 ring mail.
  1658 | D:1      | 1658 ||| DROPPING +0 leather armour.
  1659 | D:1      | 1659 ||| UPGRADING to +0 cloak.
  1664 | D:1      | 1664 ||| READING scroll labelled SYASIT MUTEXA.
  1665 | D:1      | 1665 ||| READING scroll labelled ZEEMADD BOHOCLOF.
  1666 | D:1      | 1666 ||| READING scroll labelled HICUARUARU.
  1667 | D:1      | 1667 ||| DROPPING scroll of blinking.
  1668 | D:1      | 1668 ||| Stepping randomly (stuck).
  1669 | D:1      | 1669 ||| Stepping ~*~*~tactically~*~*~ (cloud).
  1670 | D:1      | HP: 4/17 [poisoned by you (poison gas)]
  1672 | D:1      | Succumbed to their own poison gas

Levels and vault maps discovered:
D:1:      erik_arrival_triangle_medium, layout_loops_corners,
          hellmonk_ecumenical_altar_watching_god

Skill      XL: |  1  2 |
---------------+-------+-----
Axes           | 3 |  3.6
Fighting       | |  2.0
Throwing       | |  1.0
Armour         | |  1.1
Dodging        | |  2.1
Spellcasting   | |  2.0
Translocations | |  2.4

Action                   || total
-------------------------++-------
Melee: Hand axe          ||    52
       Peck              ||     3
       Kick              ||     8
Throw: Boomerang         ||     7
  Use: Scroll            ||     3
Armor: Leather armour    ||    15
Dodge: Dodged            ||    31

Table legend:
 A = Non-vault XP
 B = Vault XP
 C = Vault XP percentage of total XP
 D = Non-vault monster count
 E = Vault monster count
 F = Vault count percentage of total count
                 A         B        C        D         E       F
            +---------+---------+-------+---------+---------+-------
      Total |      32 |       0 |   0.0 |      19 |       0 |   0.0
            +---------+---------+-------+---------+---------+-------
        D:1 |      32 |       0 |   0.0 |      19 |       0 |   0.0
            +---------+---------+-------+---------+---------+-------
